 Dungeon Crawl Stone Soup version 0.27.1-15-g792fb953b9 (webtiles) character file.

Game seed: 16822271515927106221

17411 safid the Cleaver (level 12, -1/95 (100) HPs)
             Began as a Hill Orc Fighter on Nov 19, 2021.
             Was an Elder of Beogh.
             Slain by a red devil (14 damage)
             ... summoned by an orc sorcerer
             ... while paralysed by an orc sorcerer
             ... on level 1 of the Orcish Mines.
             The game lasted 00:31:18 (11451 turns).

safid the Cleaver (Hill Orc Fighter)               Turns: 11451, Time: 00:31:18

HP:   -1/95 (100)   AC: 30    Str: 28    XL:     12   Next: 47%
MP:   18/18         EV:  2    Int:  8    God:    Beogh [****..]
Gold: 446           SH:  0    Dex:  6    Spells: 11/11 levels left

rFire    . . .     SeeInvis .   b - +10 flail of Gadghaj {spect, rCorr Str+4 Dex-4}
rCold    + . .     Faith    .   d - +1 kite shield {reflect}
rNeg     . . .     Spirit   .   y - +0 crystal plate armour
rPois    .         Reflect  +   (no helmet)
rElec    .         Harm     .   E - +1 cloak {Stlth+}
rCorr    +         Rampage  .   (no gloves)
Will     .....                  h - +1 pair of boots
Stlth    ..........             G - amulet of reflection
HPRegen  0.25/turn              w - +4 ring of protection
MPRegen  0.16/turn              D - ring of protection from cold

@: paralysed, drained
A: no striking features
a: Renounce Religion, Smiting, Recall Orcish Followers


You were on level 1 of the Orcish Mines.
You worshipped Beogh.
Beogh was greatly pleased with you.
You visited 2 branches of the dungeon, and saw 11 of its levels.
You also visited: Ossuary.

You collected 604 gold pieces.
You spent 158 gold pieces at shops.

Inventory:

Hand Weapons
 a - a +0 war axe
 b - the +10 flail of Gadghaj (weapon) {spect, rCorr Str+4 Dex-4}
   (You found it on level 4 of the Dungeon)

   When its wielder attacks, the weapon's spirit leaps out and strikes again.
   The spirit shares a part of any damage it takes with its wielder.
   Str:       It affects your strength (+4).
   Dex:       It affects your dexterity (-4).
   rCorr:     It protects you from acid and corrosion.
Missiles
 i - 3 atropa-tipped darts
 l - 12 poisoned darts (quivered)
 C - a curare-tipped dart
 I - a throwing net
Armour
 c - the +2 ring mail of Baadett {Rampage Will+ Dex+3}
   (You found it on level 10 of the Dungeon)

   Dex:       It affects your dexterity (+3).
   Rampage:   It bestows one free step when moving towards enemies.
   Will:      It increases your willpower.
 d - a +1 kite shield of reflection (worn)
 h - a +1 pair of boots (worn)
 y - a +0 crystal plate armour (worn)
 E - a +1 cloak of stealth (worn)
Jewellery
 f - a ring of wizardry
 w - a +4 ring of protection (left hand)
 B - a +6 ring of dexterity
 D - a ring of protection from cold (right hand)
 G - an amulet of reflection (around neck)
Wands
 r - a wand of iceblast (19)
 s - a wand of paralysis (8)
 t - a wand of polymorph (1)
 H - a wand of digging (5)
Scrolls
 e - 2 scrolls of enchant weapon
 j - 7 scrolls of teleportation
 k - a scroll of blinking
 n - a scroll of fear
 p - 3 scrolls of magic mapping
 x - a scroll of enchant armour
Potions
 g - a potion of berserk rage {unknown}
 m - 11 potions of curing
 o - a potion of lignification {unknown}
 q - 2 potions of haste {unknown}
 u - a potion of might
 v - 3 potions of heal wounds
 z - a potion of cancellation {unknown}
 A - a potion of ambrosia {unknown}
 F - a potion of resistance {unknown}
 L - 2 potions of brilliance {unknown}


   Skills:
 + Level 7.5 Fighting
 + Level 14.0 Axes
 + Level 11.4 Armour
 - Level 1.1 Dodging
 - Level 0.1 Stealth
 + Level 11.9 Shields
 - Level 8.0 Invocations


You had 11 spell levels left.
You didn't know any spells.
Your spell library contained the following spells:

 Spells                   Type           Power      Damage    Failure   Level
 Sublimation of Blood     Necr           0%         N/A       100%        2
 Wereblood                Tmut           0%         N/A       100%        2
 Tukima's Dance           Hex            0%         N/A       100%        3
 Passage of Golubria      Tloc           N/A        N/A       100%        4
 Yara's Violent Unravell  Hex/Tmut       0%         3d3       100%        5
 Conjure Ball Lightning   Conj/Air       0%         3x3d6     100%        6
 Summon Hydra             Summ           0%         N/A       100%        7
 Discord                  Hex            0%         N/A       100%        8
 Disjunction              Tloc           0%         N/A       100%        8


Dungeon Overview and Level Annotations

Branches:
Dungeon (10/15)            Temple (0/1) D:6            Lair (0/6) D:10
    Orc (1/2) D:10        Ossuary (visited)

Altars:
Elyvilon
Makhleb
Okawaru
Sif Muna
Trog
Yredelemnul
Zin
The Shining One

Shops:
D:5 [   D:7 *   D:8 =

Portals:
Trove: D:10 (give 5 potions of resistance)

Annotations:
D:9 3 runed translucent doors, scisormetimb3rs's ghost, novice DgFi


Message History

The orc sorcerer points at you and mumbles some strange words.
You suddenly lose the ability to move!
The ice devil hits you but does no damage.
Your Axes skill increases to level 14!
Your orc wizard barely misses the ice devil.
Your orc priest misses the orc sorcerer.
The red devil hits you but does no damage.
The orc sorcerer completely misses you.
The ice devil hits you but does no damage.
Your orc wizard hits the ice devil but does no damage.
Your orc priest hits the orc sorcerer but does no damage.
The orc sorcerer hits you but does no damage.
The red devil hits you but does no damage.
You are electrocuted!
The ice devil hits you but does no damage.
Your orc wizard hits the ice devil but does no damage.
Your orc priest hits the orc sorcerer but does no damage.
The orc sorcerer gestures at you while chanting.
The bolt of negative energy hits you!
You feel drained.
* * * LOW HITPOINT WARNING * * *
The red devil hits you from afar with a +1 demon trident of electrocution.
* * * LOW HITPOINT WARNING * * *
The ice devil hits you but does no damage.
Your orc wizard hits the ice devil but does no damage.
Your orc priest casts a cantrip, but nothing happens.
The orc sorcerer barely misses you.
The red devil hits you but does no damage.
The ice devil barely misses you.
Your orc wizard hits the ice devil but does no damage.
Your orc priest barely misses the orc sorcerer.
The orc sorcerer hits you but does no damage.
The red devil hits you from afar with a +1 demon trident of electrocution.
* * * LOW HITPOINT WARNING * * *
The ice devil hits you but does no damage.
Your orc wizard points at the ice devil and mumbles some strange words.
The puff of flame hits the ice devil.
The ice devil is burned terribly!
Your orc priest invokes the aid of Beogh against the orc sorcerer.
The orc sorcerer is smitten.
The red devil hits you from afar with a +1 demon trident of electrocution!
You die...

....#......
....#.....
......)...
.........##
..........
.......o4##
^^....[4o.#
#.....o@..###
....#.#..<..#
. # #.....#
#.....##
#....###
......#
......##
.#.$..# #...#


You could see an ice devil (summoned, ally target), an orc sorcerer (ally
target), a red devil (summoned), a friendly orc priest (drained) and a friendly
orc wizard.

Vanquished Creatures
  Josephine (D:10)
  2 two-headed ogres
  A tengu warrior (D:10)
  A wizard (D:10)
  An orc knight (D:10)
  A deep elf pyromancer (D:10)
  Maurice (D:10)
  2 cyclopes (D:10)
  A gargoyle (D:10)
  Psyche (D:8)
  2 guardian mummies (D:10)
  A hornet (D:9)
  4 trolls
  Sigmund (D:4)
  A shadow (D:9)
  A wyvern (D:8)
  28 yaks
  4 wraiths
  Grum (D:10)
  2 steam dragons
  2 vampire mosquitoes (D:6)
  2 wargs
  2 acid dragons (D:9)
  3 water moccasins
  Duvessa (D:7)
  2 orc warriors
  An ice beast (D:6)
  2 sky beasts
  A black bear (D:4)
  A necrophage (D:6)
  2 ogres
  3 wolves (D:10)
  4 centaurs
  4 elf zombies (Ossuary)
  A phantom (D:5)
  A kobold brigand (D:6)
  A bullfrog (D:7)
  A gnoll sergeant (D:8)
  Dowan (D:7)
  A scorpion (D:5)
  A wyvern skeleton (D:6)
  A water moccasin skeleton (D:4)
  6 killer bees (D:8)
  4 wights (D:10)
  2 bullfrog zombies
  5 human zombies (Ossuary)
  4 centaur zombies
  3 hounds
  2 jellies
  A bullfrog skeleton (D:4)
  4 orc priests
  A gnoll shaman (D:5)
  3 iguanas (D:5)
  7 orc wizards
  A killer bee zombie (D:8)
  3 mummies (Ossuary)
  2 howler monkey zombies
  7 adders
  6 gnolls
  3 river rats (D:3)
  3 ufetubi
  An adder skeleton (D:4)
  2 worms (D:5)
  20 orcs
  8 ball pythons
  4 endoplasms
  3 giant cockroaches
  7 goblins
  12 hobgoblins
  A quokka (D:2)
  9 bats
  2 frilled lizards (D:2)
  14 kobolds
  11 rats
256 creatures vanquished.

Vanquished Creatures (collateral kills)
  A wolf (D:10)
1 creature vanquished.

Vanquished Creatures (others)
  An orc warrior (Orc:1)
  An orc wizard (D:5)
  2 gnolls (D:5)
  An orc (D:5)
  4 bushes (D:10)
  2 demonic plants (D:3)
11 creatures vanquished.

Grand Total: 268 creatures vanquished

Notes
Turn   | Place    | Note
-------+----------+-------------------------------------------
     0 | D:1      | safid the Hill Orc Fighter began the quest for the Orb.
     0 | D:1      | Reached XP level 1. HP: 19/19 MP: 1/1
   169 | D:1      | Reached skill level 3 in Axes
   312 | D:1      | Reached XP level 2. HP: 20/26 MP: 2/2
  1175 | D:1      | Reached XP level 3. HP: 29/31 MP: 3/3
  1684 | D:2      | Reached skill level 4 in Axes
  1706 | D:2      | Reached XP level 4. HP: 33/39 MP: 4/4
  2265 | D:3      | Found a glowing golden altar of the Shining One.
  2483 | D:3      | Found a burning altar of Makhleb.
  2805 | D:3      | Found a faded altar of an unknown god.
  2976 | D:3      | Reached skill level 5 in Axes
  3111 | D:3      | Reached XP level 5. HP: 45/45 MP: 5/5
  3777 | D:4      | Reached skill level 6 in Axes
  3777 | D:4      | Reached skill level 1 in Dodging
  3829 | D:4      | Identified the +10 flail of Gadghaj {spect, rCorr Str+4
                  | Dex-4}
  3839 | D:4      | Reached XP level 6. HP: 51/51 MP: 6/6
  3872 | D:4      | Noticed a black bear
  3876 | D:4      | Killed a black bear
  3877 | D:4      | Reached skill level 5 in Shields
  3903 | D:4      | Noticed Sigmund
  3908 | D:4      | Killed Sigmund
  3909 | D:4      | Reached skill level 7 in Axes
  3909 | D:4      | Reached XP level 7. HP: 39/57 MP: 7/7
  4382 | D:5      | Entered Level 5 of the Dungeon
  4400 | D:5      | Noticed a yak
  4405 | D:5      | Killed a yak
  4405 | D:5      | Noticed a yak
  4406 | D:5      | Reached skill level 5 in Armour
  4406 | D:5      | Noticed a yak
  4407 | D:5      | Noticed a yak
  4411 | D:5      | Killed a yak
  4412 | D:5      | Reached skill level 8 in Axes
  4412 | D:5      | Reached XP level 8. HP: 40/64 MP: 8/8
  4416 | D:5      | Killed a yak
  4418 | D:5      | Killed a yak
  4428 | D:5      | Reached skill level 9 in Axes
  4739 | D:5      | Became a worshipper of Beogh the Brigand
  4970 | D:5      | Reached XP level 9. HP: 70/70 MP: 9/9
  4979 | D:5      | Found Gisenwi's Antique Armour Boutique.
  5058 | D:6      | Reached skill level 10 in Axes
  5074 | D:6      | Reached * piety under Beogh
  5155 | D:6      | Found a staircase to the Ecumenical Temple.
  5321 | D:6      | Found an iron altar of Okawaru.
  5474 | D:6      | Reached skill level 1 in Invocations
  5686 | D:7      | Found a glowing silver altar of Zin.
  5821 | D:7      | Noticed Duvessa
  5821 | D:7      | Noticed Dowan
  5826 | D:7      | Killed Duvessa
  5831 | D:7      | Killed Dowan
  6063 | D:7      | Found Dosaodeo's Assorted Antiques.
  6071 | D:7      | Bought a scroll labelled ROMUZO NIODORED for 20 gold pieces
  6071 | D:7      | Bought a worn gold wand for 80 gold pieces
  6071 | D:7      | Bought a scroll labelled ROMUZO NIODORED for 20 gold pieces
  6071 | D:7      | Bought a black potion for 18 gold pieces
  6071 | D:7      | Bought a scroll labelled RIASOB PUDOL for 20 gold pieces
  6089 | D:7      | Reached XP level 10. HP: 62/77 MP: 12/12
  6094 | D:7      | Reached skill level 11 in Axes
  6430 | D:7      | Found a white marble altar of Elyvilon.
  6617 | D:7      | Found a bloodstained altar of Trog.
  6623 | D:7      | Reached ** piety under Beogh
  6889 | D:8      | Found a shimmering blue altar of Sif Muna.
  7198 | D:8      | Found Uxios's Jewellery Emporium.
  7236 | D:8      | Noticed Psyche
  7240 | D:8      | Killed Psyche
  7267 | D:8      | Found a sand-covered staircase.
  7271 | Ossuary  | Entered an ossuary
  7281 | Ossuary  | Reached skill level 5 in Invocations
  7713 | D:8      | Reached *** piety under Beogh
  7849 | D:8      | Reached skill level 10 in Shields
  8052 | D:9      | Noticed a two-headed ogre
  8064 | D:8      | Killed a two-headed ogre
  8065 | D:8      | Reached skill level 12 in Axes
  8579 | D:8      | Reached XP level 11. HP: 72/82 MP: 15/15
  8735 | D:9      | Found a runed translucent gate.
  8735 | D:9      | Found a runed translucent gate.
  8735 | D:9      | Found a runed translucent gate.
  8739 | D:9      | Noticed scisormetimb3rs's ghost (novice DgFi)
  9058 | D:9      | Reached skill level 10 in Armour
  9637 | D:10     | Entered Level 10 of the Dungeon
  9682 | D:10     | Found a basalt altar of Yredelemnul.
  9682 | D:10     | Noticed Josephine
  9687 | D:10     | Noticed a two-headed ogre
  9698 | D:10     | Killed Josephine
  9931 | D:10     | Killed a two-headed ogre
  9932 | D:10     | Reached skill level 5 in Fighting
  9932 | D:10     | Reached skill level 13 in Axes
  9946 | D:10     | Noticed a cyclops
  9953 | D:10     | Killed a cyclops
  9962 | D:10     | Noticed a tengu warrior
  9973 | D:10     | Killed a tengu warrior
 10043 | D:10     | Noticed a deep elf pyromancer
 10049 | D:10     | Killed a deep elf pyromancer
 10118 | D:10     | Noticed a cyclops
 10123 | D:10     | Killed a cyclops
 10129 | D:10     | Identified the +2 ring mail of Baadett {Rampage Will+
                  | Dex+3}
 10152 | D:10     | Noticed an orc knight
 10160 | D:10     | Killed an orc knight
 10161 | D:10     | Reached XP level 12. HP: 72/96 MP: 18/18
 10344 | D:10     | Noticed Maurice
 10348 | D:10     | Paralysed by Maurice for 5 turns
 10357 | D:10     | Killed Maurice
 10496 | D:10     | Found a staircase to the Orcish Mines.
 10601 | D:10     | Noticed Grum
 10612 | D:10     | Killed Grum
 10708 | D:10     | Reached **** piety under Beogh
 10781 | D:10     | Found a staircase to the Lair.
 11271 | D:10     | Found a portal to a secret trove of treasure.
 11431 | Orc:1    | Entered Level 1 of the Orcish Mines
 11434 | Orc:1    | Paralysed by an orc sorcerer for 7 turns
 11445 | Orc:1    | Paralysed by an orc sorcerer for 7 turns
 11446 | Orc:1    | Reached skill level 14 in Axes
 11451 | Orc:1    | Slain by a red devil

Illustrated notes

Levels and vault maps discovered:
D:1:      scummos_arrival_simple_fountains, layout_basic, corexii_corridor_pit,
          hex_large
D:2:      layout_loops_ring, minivault_23
D:3:      layout_basic, tso_metal_star, mainiacjoe_overflow_alcove_2,
          portal_sewer_entry_e, dreamdust_ecumenical_altar_sealed_demon,
          st_stairs_11
D:4:      layout_loops_ring, uniq_sigmund
D:5:      layout_rooms, serial_shops, nicolae_shop_window_shopping
D:6:      layout_rooms, kennysheep_okawaru_gauntlet, temple_doors_ab
D:7:      layout_basic, trog_hazing_becter, elyvilon_altar_3, zin_statuary,
          serial_shops, nicolae_shop_overgrown_old_shop,
          hangedman_decor_opposing, roderic_serpentine_path,
          minmay_misc_feat_encased, minmay_door_square,
          minmay_misc_feat_four_crosses, uniq_duvessa
D:8:      layout_rooms, mainiacjoe_overflow_small_starburst,
          nicolae_ossuary_entry_false_entrances, serial_shops, shop,
          hex_intersection, minmay_crossroads, uniq_psyche
D:9:      layout_stronghold, serial_glass, glass_columns_c, glass_columns_b,
          gammafunk_ghost_ooze
D:10:     minmay_diamond_stairs, layout_cave_pods,
          mainiacjoe_overflow_boulevard, lair_entry_dummy, david_orc_3,
          nicolae_trove_entry_path_of_doom, chequers_serial_rivers_micro_d,
          uniq_josephine, uniq_maurice, uniq_grum
Orc:1:    layout_diamond_mine, special_room [special_room_bee], mines5_lemuel,
          uniq_nergalle

Skill      XL: |  1  2  3  4  5  6  7  8  9 10 11 12 |
---------------+-------------------------------------+-----
Axes           | 3 4 5 6 7 8 9 10 12 13 14 | 14.0
Shields        | 4 5 6 7 9 10 11 | 11.9
Dodging        | 1 |  1.1
Armour         | 4 5 6 8 9 10 11 | 11.4
Invocations    | 3 6 8 |  8.0
Fighting       | 6 7 |  7.5
Stealth        | |  0.1

Action                   |  1- 3 |  4- 6 |  7- 9 | 10-12 || total
-------------------------+-------+-------+-------+-------++-------
Melee: War axe           |    97 |    98 |       |       ||   195
       Flail             |       |     9 |   150 |   304 ||   463
Invok: Convert to Beogh  |       |       |     1 |       ||     1
  Use: Scroll            |       |       |       |    16 ||    16
       Potion            |       |       |       |     2 ||     2
 Stab: Distracted        |       |       |     1 |       ||     1
Armor: Scale mail        |    50 |    41 |       |       ||    91
       Crystal plate arm |       |     6 |   101 |   199 ||   306
Dodge: Dodged            |    28 |    37 |     9 |    45 ||   119
Block: Kite shield       |    57 |    78 |    99 |   317 ||   551
       Reflection        |       |       |       |    17 ||    17
